Map: [ESL] Babylon

Players

Classic

  • Race: Protoss Protoss
  • Spawn Location: 5:00

Serral - Winner!

  • Race: Zerg Zerg
  • League: Diamond
  • Spawn Location: 11:00

Event: ESL SC2 Masters 2023 Summer (Finals)

VOD

Have the link to the VOD?

Description

Time

  • Played on: June 18, 2023, 9:49 a.m.
  • Length: 14:04

All games in this series

Show
View Real Time Build Order
Export as new Build Order

Classic Protoss 

Build Orders: 1 Gate Expand, Oracle Opening 

Get SALT Encoding   

  12  0:00  Probe  
  13  0:14  Pylon  
  13  0:17  Probe (Chrono Boost)  
  14  0:26  Probe (Chrono Boost)  
  15  0:31  Probe (Chrono Boost)  
  16  0:40  Gateway  
  16  0:43  Probe  
  16  0:49  Assimilator  
  17  0:55  Probe  
  18  1:07  Probe  
  19  1:20  Probe  
  20  1:27  Nexus  
  20  1:32  Probe  
  21  1:40  Cybernetics Core  
  21  1:44  Probe  
  22  1:49  Assimilator  
  22  1:55  Pylon  
  22  1:58  Probe  
  23  2:13  Probe, Adept (Chrono Boost)  
  24  2:21  Stargate  
  26  2:26  Probe  
  27  2:30  Warp Gate  
  27  2:36  Adept  
  29  2:38  Probe (Chrono Boost)  
  29  2:39  Probe (Chrono Boost)  
  31  2:48  Probe x2 (Chrono Boost)  
  33  2:53  Probe x2 (Chrono Boost)  
  35  3:04  Probe  
  35  3:05  Probe, Oracle (Chrono Boost)  
  37  3:09  Pylon  
  37  3:11  Adept  
  42  3:16  Probe  
  42  3:17  Probe  
  44  3:21  Gateway  
  44  3:28  Probe  
  44  3:29  Probe  
  44  3:33  Oracle (Chrono Boost)  
  47  3:42  Probe x2  
  49  3:54  Probe  
  50  3:57  Pylon  
  50  3:59  Nexus  
  50  4:07  Twilight Council  
  50  4:09  Probe x2  
  52  4:12  Assimilator  
  52  4:14  Assimilator  
  52  4:17  Gateway  
  49  4:18  Gateway  
  49  4:21  Probe  
  49  4:23  Probe  
  51  4:29  Adept x2  
  55  4:33  Probe  
  55  4:35  Probe  
  55  4:37  Forge  
  57  4:41  Blink (Chrono Boost)  
  57  4:45  Probe  
  57  4:47  Probe  
  59  4:58  Probe  
  59  4:59  Probe  
  61  5:00  Pylon  
  61  5:10  Probe (Chrono Boost)  
  61  5:12  Probe (Chrono Boost)  
  63  5:14  Stalker x4  
  63  5:15  Probe (Chrono Boost)  
  63  5:17  Protoss Ground Weapons Level 1  
  67  5:22  Probe (Chrono Boost)  
  67  5:23  Probe (Chrono Boost), Shield Battery  
  67  5:25  Probe (Chrono Boost)  
  67  5:27  Probe (Chrono Boost)  
  67  5:28  Probe (Chrono Boost)  
  70  5:29  Probe (Chrono Boost)  
  70  5:33  Robotics Facility  
  72  5:36  Probe  
  72  5:38  Probe  
  72  5:41  Probe  
  72  5:42  Stalker x2  
  79  5:45  Pylon  
  79  5:47  Stalker  
  81  5:52  Stalker  
  81  5:55  Assimilator  
  81  5:56  Pylon, Assimilator  
  83  6:00  Pylon  
  83  6:02  Probe  
  83  6:03  Probe x2  
  86  6:13  Stalker x3  
  86  6:15  Stalker  
  86  6:17  Pylon  
  94  6:24  Gateway, Observer  
  95  6:25  Robotics Bay  
  95  6:28  Robotics Facility  
  95  6:32  Pylon  
  95  6:42  Stalker x4  
  95  6:46  Pylon  
  103  6:47  Pylon  
  103  6:55  Probe x3, Warp Prism (Chrono Boost)  
  108  7:03  Forge  
  104  7:17  Stalker x2  
  104  7:18  Stalker x2  
  104  7:20  Colossus (Chrono Boost)  
  118  7:23  Colossus (Chrono Boost)  
  118  7:25  Protoss Ground Weapons Level 2 (Chrono Boost)  
  124  7:30  Extended Thermal Lance  
  124  7:34  Pylon  
  118  7:49  Protoss Ground Armor Level 1 (Chrono Boost), Stalker x3  
  122  7:57  Gateway  
  122  8:00  Gateway  
  122  8:02  Gateway  
  122  8:06  Pylon  
  122  8:11  Nexus, Colossus (Chrono Boost)  
  128  8:14  Colossus (Chrono Boost)  
  128  8:19  Pylon  
  130  8:37  Stalker x5  
  140  8:42  Photon Cannon  
  140  8:44  Pylon  
  140  8:45  Shield Battery  
  140  9:01  Stalker x7  
  154  9:04  Stalker  
  156  9:20  Pylon  
  156  9:24  Stalker x6  
  158  9:26  Stalker  
  158  9:30  Stalker  
  166  9:53  Stalker x8  
  150  10:24  Stalker x5  
  150  10:25  Disruptor x2 (Chrono Boost), Stalker x3  
  140  10:42  Probe x4  
  144  10:43  Assimilator  
  144  10:47  Stalker  
  144  10:48  Stalker x7  
  160  10:54  Probe x4  
  162  11:06  Probe  
  162  11:08  Pylon  
  161  11:12  Zealot  
  161  11:14  Stalker x3  
  161  11:15  Stalker x4  
  161  11:17  Pylon  
  175  11:22  Assimilator  
  163  11:34  Stalker  
  163  11:38  Stalker x3  
  142  11:40  Stalker x2  
  142  11:41  Stalker x2  
  142  11:45  Probe x4  
  145  12:04  Stalker x5  
  145  12:05  Stalker x2  
  108  12:26  Stalker  
  108  12:28  Stalker x4  
  109  12:37  Zealot x2  
  85  12:51  Stalker x3  
  85  13:03  Stalker x3  
  77  13:17  Stalker x3  
  81  13:22  Stalker  
  81  13:24  Stalker  
  71  13:32  Stalker  
  71  13:33  Stalker  
  75  13:48  Stalker x3  
Show
View Real Time Build Order
Export as new Build Order

Serral Zerg - Winner!

Build Orders: Hatch First 

Get SALT Encoding   

  12  0:00  Drone  
  13  0:07  Drone  
  14  0:32  Hatchery  
  13  0:36  Drone  
  14  0:43  Extractor, Drone  
  14  0:49  Overlord  
  15  1:06  Spawning Pool  
  15  1:09  Drone  
  15  1:13  Drone  
  15  1:16  Drone  
  17  1:23  Drone  
  18  1:33  Drone  
  18  1:39  Extractor  
  18  1:44  Drone  
  18  1:46  Drone  
  21  1:52  Queen x2  
  25  1:55  Zergling x2  
  25  2:00  Overlord  
  26  2:03  Drone  
  26  2:06  Drone  
  28  2:19  Drone x2  
  30  2:24  Drone  
  30  2:27  Drone  
  30  2:28  Queen  
  34  2:30  Queen  
  36  2:37  Overlord  
  36  2:47  Hatchery  
  36  2:49  Drone  
  36  2:52  Extractor, Drone  
  36  2:59  Drone  
  36  3:00  Drone x2  
  36  3:02  Drone x2  
  41  3:06  Drone x2  
  41  3:08  Drone  
  44  3:16  Overlord  
  44  3:17  Overlord  
  43  3:23  Extractor, Zergling x2  
  44  3:32  Overlord  
  44  3:40  Drone x7  
  48  3:43  Spore Crawler  
  48  3:47  Queen x2  
  52  3:51  Drone x2  
  54  3:58  Zergling x2  
  54  4:00  Drone  
  54  4:06  Drone  
  54  4:09  Spore Crawler  
  53  4:10  Spore Crawler  
  53  4:11  Drone x2  
  53  4:16  Drone  
  55  4:19  Zergling x4  
  55  4:21  Drone  
  55  4:22  Drone x5  
  63  4:27  Spore Crawler  
  63  4:29  Spore Crawler  
  63  4:30  Drone  
  63  4:33  Drone x2  
  63  4:34  Metabolic Boost  
  63  4:37  Roach Warren  
  64  4:39  Overlord  
  64  4:43  Drone x2  
  66  4:48  Drone  
  66  4:49  Lair  
  66  4:52  Extractor, Zergling x2  
  67  4:53  Zergling x2  
  67  4:54  Zergling x2  
  67  4:59  Drone x5  
  74  5:03  Overlord  
  74  5:09  Hatchery, Drone  
  71  5:14  Drone x4  
  71  5:15  Drone  
  74  5:23  Extractor, Drone x3  
  74  5:25  Evolution Chamber  
  74  5:28  Drone  
  76  5:31  Drone x5  
  76  5:34  Overlord  
  81  5:39  Overlord  
  81  5:40  Drone x2  
  83  5:43  Overlord  
  83  5:44  Overlord  
  83  5:45  Overlord  
  83  5:47  Roach, Glial Reconstitution  
  85  5:52  Zerg Melee Weapons Level 1  
  85  5:54  Roach  
  85  5:55  Roach  
  89  5:57  Zergling x2  
  90  6:04  Roach x3  
  90  6:05  Zergling x2  
  90  6:09  Roach  
  90  6:10  Hatchery, Zergling x6  
  90  6:11  Zergling x2  
  102  6:16  Zergling x6  
  105  6:19  Overlord  
  105  6:21  Roach x3  
  105  6:24  Queen  
  113  6:31  Roach x3  
  119  6:34  Overlord  
  119  6:37  Zergling x8  
  123  6:42  Zergling x12  
  123  6:46  Baneling Nest, Overseer  
  128  6:50  Drone x3  
  128  6:52  Drone  
  130  6:54  Drone  
  130  6:55  Drone x2  
  130  7:00  Overlord  
  130  7:01  Drone x2  
  135  7:07  Zergling x8  
  137  7:13  Drone  
  137  7:14  Drone  
  137  7:15  Drone x3  
  135  7:16  Drone x2  
  135  7:22  Spore Crawler  
  135  7:23  Queen, Drone  
  135  7:24  Extractor x2, Roach x3  
  135  7:29  Extractor, Infestation Pit  
  140  7:30  Extractor  
  140  7:31  Drone x8  
  140  7:33  Overlord  
  140  7:34  Zergling x2  
  147  7:37  Zergling x2  
  140  7:45  Roach x4  
  140  7:50  Roach x7  
  158  7:52  Overlord  
  158  7:53  Overlord  
  158  7:55  Overlord  
  157  8:05  Centrifugal Hooks  
  157  8:06  Overlord x3  
  157  8:12  Hive  
  157  8:13  Zergling x18  
  157  8:17  Zerg Melee Weapons Level 2  
  157  8:18  Zergling x2  
  157  8:19  Zergling x10  
  172  8:22  Drone  
  172  8:26  Zergling x4  
  171  8:29  Zergling x2  
  171  8:30  Zergling x14  
  178  8:37  Baneling x15  
  178  8:44  Ravager  
  178  8:46  Zergling x20  
  178  8:48  Ravager  
  190  8:53  Roach  
  190  8:55  Ravager  
  191  8:56  Zergling x14  
  196  9:11  Ravager  
  192  9:21  Zergling x8  
  192  9:22  Viper  
  199  9:24  Baneling x12  
  199  9:32  Extractor, Adrenal Glands  
  199  9:33  Spine Crawler  
  199  9:35  Spine Crawler, Baneling x5  
  196  9:41  Zergling x8  
  196  9:45  Baneling x7  
  189  9:54  Zergling x2  
  189  9:55  Zergling x28  
  189  9:58  Baneling x10  
  197  10:08  Baneling x6  
  197  10:09  Hatchery  
  193  10:15  Zergling x14  
  193  10:16  Zergling x10  
  193  10:19  Zergling x16  
  193  10:20  Zergling x2  
  192  10:21  Zergling x10  
  192  10:25  Zergling x4  
  178  10:30  Roach  
  178  10:31  Roach x5  
  178  10:34  Queen  
  178  10:37  Baneling x9  
  178  10:40  Zergling x14  
  181  10:48  Zergling x2  
  180  10:54  Drone x4  
  180  10:56  Zergling x8  
  186  11:01  Baneling x12  
  186  11:03  Zerg Melee Weapons Level 3  
  181  11:05  Roach x3, Zergling x4  
  181  11:10  Zergling x16  
  197  11:15  Baneling x2  
  197  11:16  Baneling x6  
  197  11:23  Drone x3  
  197  11:25  Baneling x11  
  200  11:30  Viper  
  200  11:32  Zergling x22  
  198  11:36  Zergling x10  
  189  11:42  Zergling x8  
  189  11:43  Zergling x4  
  189  11:46  Zergling x2  
  195  11:50  Baneling x8  
  195  11:53  Baneling x2  
  195  11:54  Baneling x6  
  193  11:55  Zergling x14  
  196  12:04  Zergling x12  
  183  12:09  Zergling x18  
  183  12:15  Zergling x10  
  180  12:18  Zergling x2  
  180  12:21  Roach x2, Zergling x2  
  171  12:23  Roach  
  171  12:27  Baneling x2  
  162  12:30  Zergling x14  
  162  12:33  Zergling x6  
  159  12:37  Zergling x26  
  159  12:40  Zergling x2  
  161  12:47  Zergling x8  
  161  12:49  Baneling x9  
  163  12:54  Zergling x6  
  163  12:58  Zergling x6  
  160  13:01  Zergling x10, Baneling x3  
  162  13:05  Zergling x2  
  162  13:10  Zergling x8  
  162  13:13  Viper  
  162  13:15  Zergling x2  
  162  13:19  Zergling x4  
  167  13:24  Zergling x14  
  173  13:28  Baneling x12  
  173  13:29  Baneling x13  
  173  13:34  Hatchery  
  173  13:35  Zergling x20  
  173  13:39  Baneling x3  
  173  13:40  Baneling x11, Ravager  
  183  13:48  Hatchery  
Tags
 
Add a new tag
Caveats
  • Supply blocks, unpowered buildings, or Contaminate may cause inaccurate times.
  • Supply counts are checked every 10 seconds.